 Dungeon Crawl Stone Soup version 0.21.1-1-g345015fe64 (webtiles) character file.

1016 Naru the Shield-Bearer (level 8, -2/64 HPs)
             Began as a Deep Dwarf Fighter on June 12, 2018.
             Was a Follower of Hepliaklqana.
             Slain by denis1488's ghost (4 damage)
             ... on level 7 of the Dungeon.
             The game lasted 00:15:33 (5096 turns).

Naru the Shield-Bearer (Deep Dwarf Fighter)         Turns: 5096, Time: 00:15:34

Health: -2/64      AC: 16    Str: 26    XL:     8   Next: 1%
Magic:  7/7        EV:  5    Int:  9    God:    Hepliaklqana [*.....]
Gold:   372        SH: 11    Dex: 14    Spells: 7/7 levels left

rFire    . . .     SeeInvis .   a - +1 long sword
rCold    . . .     Gourm    .   c - +0 shield
rNeg     . . .     Faith    .   s - +0 plate armour
rPois    .         Spirit   .   i - -1 helmet
rElec    .         Reflect  .   (no cloak)
rCorr    .         Harm     .   B - +2 pair of gloves
MR       +....                  (no boots)
Stlth    ..........             l - amulet of rage
HPRegen  0.00/turn              z - +6 ring of strength
MPRegen  0.10/turn              C - +1 ring of protection

@: non-regenerating
A: damage resistance, heal wounds, reduced essence, sense surroundings 1, no
regeneration
a: Heal Wounds, Recall Ancestor, Ancestor Identity, Renounce Religion, Evoke
Berserk Rage


You were on level 7 of the Dungeon.
You worshipped Hepliaklqana.
Hepliaklqana was aware of your devotion.
You were not hungry.

You visited 2 branches of the dungeon, and saw 8 of its levels.

You collected 372 gold pieces.

Inventory:

Hand Weapons
 a - a +1 long sword (weapon)
Missiles
 n - 127 stones
 p - 2 tomahawks (quivered)
 A - 12 poisoned needles
Armour
 c - a +0 shield (worn)
 i - a -1 helmet (worn)
 k - a +2 pair of gloves
 q - the +6 scale mail of the Gastropod {rPois Str-4 Int+5 SInv}
   (You found it on level 4 of the Dungeon)

   It affects your strength (-4).
   It affects your intelligence (+5).
   It protects you from poison.
   It lets you see invisible.
 s - a +0 plate armour (worn)
 B - a +2 pair of gloves (worn)
Jewellery
 l - an amulet of rage (around neck)
 z - a +6 ring of strength (left hand)
 C - a +1 ring of protection (right hand)
Wands
 m - a wand of random effects (30)
 x - a wand of disintegration (11)
Scrolls
 e - 3 scrolls of identify
 h - 2 scrolls of magic mapping
 j - 2 scrolls of amnesia
 v - 2 scrolls of enchant weapon
 w - a scroll of remove curse
 y - 4 scrolls of teleportation
Potions
 b - a potion of ambrosia {unknown}
 d - 3 potions of might
 g - a potion of brilliance
 o - 2 potions of heal wounds
 r - 4 potions of curing {unknown}
 t - a potion of lignification {unknown}
 u - a potion of agility {unknown}
Comestibles
 f - 10 rations


   Skills:
 * Level 4.2 Fighting
 * Level 6.1 Long Blades
 * Level 5.1 Armour
 * Level 6.3 Shields
 * Level 0.8 Evocations


You had 7 spell levels left.
You didn't know any spells.

Dungeon Overview and Level Annotations

Branches:
Dungeon (7/15)             Temple (1/1) D:5

Altars:
Ashenzari
Cheibriados
Dithmenos
Elyvilon
Hepliaklqana
Kikubaaqudgha
Makhleb
Nemelex Xobeh
Okawaru
Qazlal
Ru
Sif Muna
Trog
Uskayaw
Wu Jian
Zin
The Shining One

Shops:
D:4 (

Annotations:
D:7 denis1488's ghost, novice MfFi


Innate Abilities, Weirdness & Mutations

You are resistant to damage.
You can heal yourself by infusing magical energy.
You passively map a small area around you.
You do not regenerate.
Your life essence is reduced to manifest your ancestor. (-10% HP)


Message History

You block denis1488's ghost's attack.
Appius barely misses denis1488's ghost.
Denis1488's ghost hits you!
* * * LOW HITPOINT WARNING * * *
You hit denis1488's ghost.
Denis1488's ghost is almost destroyed.
Appius hits denis1488's ghost but does no damage.
Denis1488's ghost says, "Ah, a second chance to prove myself in battle!"
Denis1488's ghost barely misses Appius.
You closely miss denis1488's ghost.
Denis1488's ghost is almost destroyed.
Appius barely misses denis1488's ghost.
Denis1488's ghost hits you.
* * * LOW HITPOINT WARNING * * *
You hit denis1488's ghost but do no damage.
Denis1488's ghost is almost destroyed.
Appius hits denis1488's ghost but does no damage.
Denis1488's ghost hits you but does no damage.
You hit denis1488's ghost but do no damage.
Denis1488's ghost is almost destroyed.
Appius barely misses denis1488's ghost.
Denis1488's ghost hits you.
You die...

...<†# **.####..####### * *
....## #..###.........,, ..#.#
.........######* * *
..#.#####..##.###....>##
..#.......# ...##.##..###
....####### * #.....##...########
........##### ##...........#.....
..#.###.....###.R............####
..#.# #####^....@W.........#.##
###.# #####...............### #.#
##..........#.....# ..#
#....##......#.... .##
#..#####........... *. * * #.##
#..######.<. . ...., * ###W ** #.
..###..#####. *#.....#.


You could see the friendly Appius the ancestor and denis1488's ghost.

Vanquished Creatures
  An orc warrior (D:3)
  A phantom (D:7)
  2 centaurs
  A bullfrog (D:6)
  A howler monkey (D:5)
  A crimson imp (D:5)
  An orc priest (D:5)
  A centaur skeleton (D:7)
  3 orc wizards
  Crazy Yiuf (D:6)
  Jessica (D:2)
  4 worker ants
  A hound skeleton (D:4)
  4 adders
  A shadow imp (D:6)
  An ooze (D:2)
  3 worms
  4 dart slugs
  3 leopard geckos (D:4)
  23 orcs
  6 giant cockroaches
  9 goblins
  A hobgoblin (D:1)
  3 jackals (D:4)
  3 quokkas
  14 bats
  4 frilled lizards
  9 kobolds
  A quokka skeleton (D:4)
  16 rats
124 creatures vanquished.

Vanquished Creatures (collateral kills)
  A hound (D:7)
  An orc wizard (D:6)
  A leopard gecko (D:7)
  2 orcs (D:6)
5 creatures vanquished.

Grand Total: 129 creatures vanquished

Notes
Turn   | Place    | Note
-------+----------+-------------------------------------------
     0 | D:1      | Naru the Deep Dwarf Fighter began the quest for the Orb.
     0 | D:1      | Reached XP level 1. HP: 20/20 MP: 1/1
   143 | D:1      | Reached XP level 2. HP: 27/27 MP: 2/2
   578 | D:1      | Reached XP level 3. HP: 23/33 MP: 3/3
  1176 | D:2      | Found a hide-covered altar of Uskayaw.
  1176 | D:2      | Found a white marble altar of Elyvilon.
  1585 | D:2      | Noticed Jessica
  1595 | D:2      | Killed Jessica
  1595 | D:2      | Reached XP level 4. HP: 30/42 MP: 3/3
  1895 | D:3      | Found a faded altar of an unknown god.
  2143 | D:3      | Noticed an orc warrior
  2172 | D:3      | Killed an orc warrior
  2172 | D:3      | Reached XP level 5. HP: 25/49 MP: 4/4
  2338 | D:3      | Found a sacrificial altar of Ru.
  2523 | D:4      | Got an agate-studded scale mail
  2536 | D:4      | Identified the +6 scale mail of the Gastropod {rPois Str-4 Int+5 SInv} (You found it on level 4 of the Dungeon)
  2674 | D:4      | Reached XP level 6. HP: 44/56 MP: 5/5
  2678 | D:4      | Found Oskaggatz's Weapon Shop.
  2842 | D:4      | Found a bloodstained altar of Trog.
  2992 | D:5      | Entered Level 5 of the Dungeon
  3025 | D:5      | Reached skill level 5 in Shields
  3232 | D:5      | Found a staircase to the Ecumenical Temple.
  3307 | D:5      | Reached skill level 5 in Long Blades
  3307 | D:5      | Reached XP level 7. HP: 24/63 MP: 6/6
  3349 | D:5      | Found a bloodstained altar of Trog.
  3561 | Temple   | Entered the Ecumenical Temple
  3654 | Temple   | Became a worshipper of Hepliaklqana the Forgotten
  3881 | D:6      | Found a shadowy altar of Dithmenos.
  4226 | D:6      | Found a runed door.
  4405 | D:6      | Noticed Crazy Yiuf
  4411 | D:6      | Killed Crazy Yiuf
  4539 | D:7      | Reached skill level 5 in Armour
  4601 | D:7      | Noticed denis1488's ghost (novice MfFi)
  5035 | D:7      | Reached XP level 8. HP: 62/64 MP: 7/7
  5055 | D:7      | Reached * piety under Hepliaklqana
  5094 | D:7      | HP: 2/64 [denis1488's ghost (4)]
  5096 | D:7      | Slain by denis1488's ghost

Skill      XL: |  1  2  3  4  5  6  7 |
---------------+----------------------+-----
Fighting       | 3 4 |  4.2
Armour         | 4 5 |  5.1
Shields        | 4 5 6 |  6.3
Long Blades    | 3 4 5 6 |  6.1
Evocations     | |  0.8

Action                   |  1- 3 |  4- 6 |  7- 9 || total
-------------------------+-------+-------+-------++-------
Melee: Long sword        |   171 |   239 |   126 ||   536
Invok: Recall Ancestor   |       |       |     1 ||     1
       Ancestor Identity |       |       |     1 ||     1
 Abil: Heal Wounds       |     1 |     3 |     3 ||     7
  Use: Scroll            |     4 |     5 |     6 ||    15
 Stab: Distracted        |       |       |     1 ||     1
  Eat: Ration            |     1 |     2 |     1 ||     4
       Chunk             |       |       |     2 ||     2
Armor: Scale mail        |   117 |    39 |       ||   156
       Plate armour      |       |   103 |    75 ||   178
Dodge: Dodged            |    63 |    50 |    12 ||   125
Block: Shield            |   114 |   163 |    72 ||   349
       Rpst.: Long sword |    21 |    14 |     3 ||    38
